 Dungeon Crawl Stone Soup version 0.30-a0-368-g86fb4627a9 (webtiles) character file.

Game seed: 17264301087387820607

1 flotson the Sneak (level 1, -4/18 HPs)
             Began as a Demonspawn Delver on Nov 20, 2022.
             Slain by Grinder (6 damage)
             ... on level 4 of the Dungeon.
             The game lasted 00:00:15 (136 turns).

flotson the Sneak (Demonspawn Delver)                Turns: 136, Time: 00:00:15

Health: -4/18      AC:  3    Str: 12    XL:     1   Next: 16%
Magic:  1/1        EV: 11    Int: 11    God:
Gold:   0          SH:  0    Dex: 14    Spells: 0/0 levels left

rFire   . . .      SeeInvis .    a - +0 spear
rCold   . . .      Faith    .    (no shield)
rNeg    . . .      Spirit   .    b - +0 leather armour
rPois   .          Reflect  .    (no helmet)
rElec   .          Harm     .    (no cloak)
rCorr   .          Rampage  .    (no gloves)
Will    .....                    (no boots)
Stlth   ++........               (no amulet)
HPRegen 0.23/turn                (no ring)
MPRegen 0.07/turn                (no ring)

@: no status effects
A: no striking features
a: no special abilities


You were on level 4 of the Dungeon.
You visited 1 branch of the dungeon, and saw 2 of its levels.

Inventory:

Hand Weapons
 a - a +0 spear (weapon)
Armour
 b - a +0 leather armour (worn)
Wands
 g - a wand of digging (3)
Scrolls
 c - a scroll of fog
 d - a scroll of magic mapping
 e - a scroll of fear
Potions
 f - a potion of haste
 h - a potion of attraction {unknown}


   Skills:
 + Level 3.0 Fighting
 - Level 1.7 Polearms
 + Level 0.0 Armour
 + Level 1.8 Dodging
 - Level 4.5 Stealth
 + Level 0.1 Evocations


You couldn't memorise any spells.
You didn't know any spells.
Your spell library was empty.

Dungeon Overview and Level Annotations

Branches:
Dungeon (5/15)
 Temple: D:4-7

Altars:

Annotations:
D:4 Grinder


Message History

The kobold is moderately wounded.
You hit the kobold.
The kobold is heavily wounded.
The kobold hits you with a +0 club.
You closely miss the kobold.
The kobold is heavily wounded.
The kobold hits you with a +0 club.
You hit the kobold but do no damage.
The kobold is heavily wounded.
The kobold hits you with a +0 club.
You are too injured to fight recklessly!
You are too injured to fight recklessly!
You are too injured to fight recklessly!
You are too injured to fight recklessly!
You are too injured to fight recklessly!
You are too injured to fight recklessly!
You are too injured to fight recklessly!
You hit the kobold.
You kill the kobold!
You see here a +0 club.
HP restored.
An endoplasm comes into view.
An adder comes into view.
The adder hisses angrily.
Grinder comes into view.
Grinder shouts!
The endoplasm quivers.
You reach to attack!
You hit the adder but do no damage. You closely miss the adder.
The adder closely misses you. The endoplasm freezes you.
You are frozen.
The adder barely misses you.
You closely miss the adder. The adder closely misses you.
The endoplasm barely misses you.
You closely miss the adder. The adder barely misses you.
The endoplasm closely misses you.
You barely miss Grinder. The adder bites you. Grinder hits you!
Ouch! That really hurt!
* * * LOW HITPOINT WARNING * * *
You writhe in agony.
You die...

##### #...# #...#
#..[# #...# .
#.).####
...########......#
......5.....>.)..#
.###S@.........#
#J###.......# ...
#....#### ####
#.#+## ..# ####


You could see Grinder, an adder and an endoplasm.

Vanquished Creatures
  A kobold (D:4)
1 creature vanquished.

Notes
Turn   | Place    | Note
-------+----------+-------------------------------------------
     0 | D:5      | flotson the Demonspawn Delver began the quest for the Orb.
     0 | D:5      | Reached XP level 1. HP: 18/18 MP: 1/1
    47 | D:5      | Noticed an iguana
   130 | D:4      | Noticed Grinder
   136 | D:4      | Slain by Grinder

Illustrated notes

Levels and vault maps discovered:
D:4:      layout_basic, nicolae_overflow_hallway_of_the_gods, uniq_grinder
D:5:      layout_loops_ring, serial_shops, shop, nrook_pool_corridor

Action                   || total
-------------------------++-------
Melee: Spear             ||    10
 Stab: Sleeping          ||     1
Dodge: Dodged            ||     6

Table legend: (Time is in decaauts)
 A = Elapsed time spent in this place.
 B = Non-inter-level travel time spent in this place.
 C = Inter-level travel time spent in this place.
 D = Time resting spent in this place.
 E = Time spent auto-exploring this place.
 F = Levels seen in this place.
 G = Mean time per level.
                   A        B        C        D        E       F      G
               +--------+--------+--------+--------+--------+-----+--------+
         Total |    135 |    106 |     29 |      0 |     78 |   2 |   67.5 |
       Dungeon |    135 |    106 |     29 |      0 |     78 |   2 |   67.5 |
               +--------+--------+--------+--------+--------+-----+--------+

Top non-repeatable levels by time:
     D:5: 80 daAuts
     D:4: 55 daAuts
